 Dungeon Crawl Stone Soup version 0.22.0-49-gab54619 (webtiles) character file.

46 inc the Scratcher (level 3, 17/17 HPs)
             Began as a Felid Monk on Sept 5, 2018.
             Quit the game on level 2 of the Dungeon.
             The game lasted 00:01:40 (1960 turns).

inc the Scratcher (Felid Monk)                      Turns: 1960, Time: 00:01:42

Health: 17/17      AC:  3    Str:  7    XL:     3   Next: 46%
Magic:  4/4        EV: 21    Int: 11    God:
Gold:   135        SH:  0    Dex: 19    Spells: 2/2 levels left
                                        Lives:  0   Deaths: 1

rFire    + . .     SeeInvis +     - Unarmed
rCold    . . .     Gourm    .   (shield unavailable)
rNeg     . . .     Faith    .   (armour unavailable)
rPois    .         Spirit   .   (helmet unavailable)
rElec    .         Reflect  .   (cloak unavailable)
rCorr    .         Harm     .   (gloves unavailable)
MR       .....                  (boots unavailable)
Stlth    +++.......             (no amulet)
HPRegen  0.05/turn              d - ring of protection from fire
MPRegen  0.09/turn              i - +2 ring of protection

@: quick
A: very small, no armour, no weapons or thrown items, stealth, claws 1, fangs 3,
see invisible, carnivore, speed 1, shaggy fur 1, slow metabolism 1, sharp paws
a: no special abilities


You were on level 2 of the Dungeon.
You were not hungry.

You visited 1 branch of the dungeon, and saw 2 of its levels.

You collected 135 gold pieces.

Inventory:

Jewellery
 d - a ring of protection from fire (left paw)
 i - a +2 ring of protection (right paw)
Scrolls
 c - a scroll of magic mapping {unknown}
 e - a scroll of teleportation {unknown}
 g - a scroll of fear {unknown}
 l - 3 scrolls of immolation {unknown}
 m - a scroll of identify {unknown}
Potions
 b - a potion of degeneration {unknown}
 f - 2 potions of curing
 h - a potion of heal wounds {unknown}
 j - a potion of haste {unknown}
 k - 2 potions of invisibility {unknown}
Comestibles
 a - 3 rations


   Skills:
 - Level 3.0 Fighting
 + Level 4.8 Dodging
 - Level 2.6 Stealth
 + Level 4.9 Unarmed Combat


You had 2 spell levels left.
You didn't know any spells.
Your spell library was empty.

Dungeon Overview and Level Annotations

Branches:
Dungeon (2/15)

Altars:
Elyvilon

Annotations:
D:2 Natasha


Innate Abilities, Weirdness & Mutations

You cannot wear armour.
You are incapable of wielding weapons or throwing items.
Your paws allow you to move quietly. (Stealth)
You have sharp claws.
You have razor-sharp teeth.
You have supernaturally acute eyesight. (SInv)
You are carnivorous and can eat meat at any time.
You cover ground quickly.
You are covered in fur. (AC +1)
You have a slow metabolism.
Your sharp claws are effective at attacking unaware monsters.


Message History

Natasha is heavily wounded.
Natasha barely misses you. The shadow imp barely misses you.
Unknown command.
You scratch Natasha. You bite Natasha, but do no damage.
Natasha is almost dead.
Natasha stares at you and mumbles some strange words.
You feel as though you will be slow longer.
The shadow imp misses you.
Natasha drinks a potion.
Natasha is healed!
The shadow imp completely misses you.
Unknown command.
You barely miss Natasha.
Natasha is moderately wounded.
Natasha barely misses you. The shadow imp gestures at you.
Pain shoots through your body!
Ouch! That really hurt!
You die...
You are now level 3!
You rejoin the land of the living...
Are you sure you want to abandon this character and quit the game? (Confirm

#.# #.# #######.####
#>..........
#.#####.#... #.#
#.#.##
#######.#####.#.##
#.................
#@.....######.#.##
#......# #.#.##
#.รท....# #.#.##
#......# ....
#......# #...
#......# #...
#......# #...
###......########...
#..............##...


There were no monsters in sight!

Vanquished Creatures
  Natasha (twice) (D:2)
  A worm (D:2)
  A dart slug (D:1)
  A leopard gecko (D:2)
  7 bats
  2 giant cockroaches (D:1)
  13 goblins
  6 hobgoblins (D:1)
  3 kobolds
  3 frilled lizards (D:1)
  2 rats
41 creatures vanquished.

Vanquished Creatures (others)
  A quokka (D:2)
1 creature vanquished.

Grand Total: 42 creatures vanquished

Notes
Turn   | Place    | Note
-------+----------+-------------------------------------------
     0 | D:1      | inc the Felid Monk began the quest for the Orb.
     0 | D:1      | Reached XP level 1. HP: 10/10 MP: 2/2
   151 | D:1      | Reached XP level 2. HP: 8/14 MP: 3/3
   893 | D:1      | Reached XP level 3. HP: 15/17 MP: 4/4
  1341 | D:2      | Found a white marble altar of Elyvilon.
  1359 | D:2      | Noticed Natasha
  1375 | D:2      | Killed Natasha
  1375 | D:2      | Reached XP level 4. HP: 4/21 MP: 5/5
  1707 | D:2      | Noticed Natasha
  1713 | D:2      | Killed Natasha
  1946 | D:2      | Noticed Natasha
  1959 | D:2      | Killed from afar by a shadow imp
  1960 | D:2      | Reached XP level 3. HP: -10/17 MP: 4/4
  1960 | D:2      | Quit the game

Skill      XL: |  1  2 |
---------------+-------+-----
Unarmed Combat | 4 |  4.9
Fighting       | |  3.0
Dodging        | |  4.8
Stealth        | |  2.6

Action                   |  1- 3 |  4- 6 || total
-------------------------+-------+-------++-------
Melee: Unarmed           |    91 |    21 ||   112
       Bite              |     8 |     8 ||    16
       Punch             |     3 |       ||     3
 Stab: Sleeping          |     9 |       ||     9
Armor: Skin              |     5 |       ||     5
Dodge: Dodged            |    62 |    27 ||    89
